 Dungeon Crawl Stone Soup version 0.23.2-40-g277498a001 (webtiles) character file.

Game seed: 12499170295575131546

5757 Araneus the Basher (level 10, -8/67 HPs)
             Began as a Mummy Wanderer on Sept 11, 2019.
             Was a Believer of Okawaru.
             Shot with an arrow by a centaur warrior (14 damage)
             ... on level 8 of the Dungeon on Sept 12, 2019.
             The game lasted 00:33:41 (11293 turns).

Araneus the Basher (Mummy Wanderer)                Turns: 11293, Time: 00:33:41

Health: -8/67      AC:  8    Str: 14    XL:     10   Next: 49%
Magic:  10/10      EV: 13    Int: 15    God:    Okawaru [**....]
Gold:   374        SH:  0    Dex: 15    Spells: 9/9 levels left

rFire    x . .     SeeInvis .   s - +6 flail
rCold    + . .     Gourm    .   (no shield)
rNeg     + + +     Faith    .   h - +0 ring mail
rPois    ∞         Spirit   .   (no helmet)
rElec    .         Reflect  .   (no cloak)
rCorr    .         Harm     .   p - +1 pair of gloves
MR       +....                  (no boots)
Stlth    +.........             (no amulet)
HPRegen  0.21/turn              i - ring of flight
MPRegen  0.12/turn              d - +2 ring of intelligence

@: no status effects
A: no food or potions, fire vulnerability, cold resistance 1, negative energy
resistance 3, torment resistance, unbreathing
a: Heroism, Renounce Religion, Evoke Flight


You were on level 8 of the Dungeon.
You worshipped Okawaru.
Okawaru was pleased with you.
You were not hungry.

You visited 2 branches of the dungeon, and saw 9 of its levels.
You also visited: Sewer.

You collected 374 gold pieces.

Inventory:

Hand Weapons
 a - a +2 hand crossbow
 s - a +6 flail (weapon)
Missiles
 b - 40 bolts
Armour
 h - a +0 ring mail (worn)
 p - a +1 pair of gloves (worn)
Jewellery
 d - a +2 ring of intelligence (right hand)
 i - a ring of flight (left hand)
Wands
 q - a wand of acid (7)
 t - a wand of paralysis (12)
 u - a wand of random effects (20)
 w - a wand of disintegration (9)
Scrolls
 c - 4 scrolls of teleportation
 e - a scroll of amnesia
 f - 4 scrolls of blinking
 g - 2 scrolls of fear
 j - a scroll of enchant weapon
 k - a scroll of remove curse
 l - 6 scrolls of identify
 m - a scroll of fog {unknown}
 n - 4 scrolls of noise
 o - 2 scrolls of enchant armour


   Skills:
 - Level 2.0 Fighting
 * Level 8.7 Maces & Flails
   Level 1.0 Bows
 + Level 7.0 Crossbows
 + Level 6.4 Armour
 + Level 4.3 Dodging
 - Level 1.0 Stealth
 - Level 1.0 Evocations


You had 9 spell levels left.
You didn't know any spells.
Your spell library was empty.

Dungeon Overview and Level Annotations

Branches:
Dungeon (8/15)             Temple (1/1) D:6            Lair (0/6) D:8

Altars:
Ashenzari
Dithmenos
Elyvilon
Fedhas
Gozag
Hepliaklqana
Kikubaaqudgha
Makhleb
Nemelex Xobeh
Okawaru
Qazlal
Ru
Sif Muna
Trog
Uskayaw
Vehumet
Wu Jian
Xom
Yredelemnul
Zin
The Shining One


Innate Abilities, Weirdness & Mutations

You do not eat or drink.
Your flesh is vulnerable to fire.
You are immune to poison.
Your flesh is cold resistant. (rC+)
You are immune to negative energy. (rN+++)
You are immune to unholy pain and torment.
You can survive without breathing.


Message History

The centaur warrior hits you!
You sock the centaur warrior!
The centaur warrior is moderately wounded.
The centaur warrior misses you. The centaur warrior hits you.
You barely miss the centaur warrior.
The centaur warrior is moderately wounded.
The centaur warrior hits you.
You hit the centaur warrior but do no damage.
The centaur warrior is moderately wounded.
The centaur warrior hits you!
* * * LOW HITPOINT WARNING * * *
The centaur warrior hits you but does no damage.
The centaur warrior wields a +0 shortbow.
The centaur warrior shoots an arrow.
The arrow hits you!
* * * LOW HITPOINT WARNING * * *
Things that are here:
an arrow; a water moccasin skeleton; a hippogriff skeleton The centaur warrior shoots an arrow.
The arrow misses you.
The centaur warrior shoots an arrow.
The arrow hits you!
You die...

..# ########.........
...# #."....... .#...
#.....(... ####.
####### ##†......#
####.####.[...#
#.........
........((.....#
#.........
.#####:######c.#
#......... .# #
#####..###(........
...(.....(@..........
##......(####.......#
######### ##.....##
######


You could see a centaur warrior.

Vanquished Creatures
  Maurice (D:8)
  A hippogriff (D:8)
  3 yaks (D:8)
  A spriggan (D:7)
  2 hungry ghosts (D:7)
  A water moccasin (D:8)
  3 porcupines
  4 black bears
  A sky beast (D:3)
  3 phantoms
  4 ogres
  3 centaurs
  Blork the orc (D:6)
  A big kobold (D:7)
  5 bullfrogs
  3 scorpions
  6 killer bees
  10 wights
  5 howler monkeys
  3 crimson imps
  A centaur zombie (D:5)
  5 hounds
  2 bullfrog zombies (D:7)
  A jelly (D:5)
  4 orc priests
  A gnoll shaman (D:5)
  2 iguanas
  3 orc wizards
  5 worker ants
  A hound skeleton (D:6)
  17 adders
  13 gnolls
  2 shadow imps
  3 adder skeletons
  5 worms
  5 leopard geckos
  27 orcs
  10 ball pythons
  11 bats
  12 giant cockroaches
  11 hobgoblins
  6 jackals
  4 quokkas
  12 frilled lizards
  A giant cockroach zombie (D:5)
  2 goblins
  8 kobolds
  A leopard gecko zombie (D:7)
  A quokka zombie (D:7)
  7 rats
244 creatures vanquished.

Vanquished Creatures (others)
  21 fungi (D:8)
  A plant (D:8)
22 creatures vanquished.

Grand Total: 266 creatures vanquished

Notes
Turn   | Place    | Note
-------+----------+-------------------------------------------
     0 | D:1      | Araneus the Mummy Wanderer began the quest for the Orb.
     0 | D:1      | Araneus set off with the following items: a +2 hand
                  | crossbow, 23 bolts, a scroll of teleportation, a wand of
                  | random effects (15), a +0 robe
     0 | D:1      | Reached XP level 1. HP: 16/16 MP: 1/1
   148 | D:1      | Reached XP level 2. HP: 22/22 MP: 2/2
   711 | D:1      | Reached XP level 3. HP: 27/27 MP: 3/3
   805 | D:2      | Noticed an ogre
  1266 | D:2      | Reached skill level 1 in Dodging
  1266 | D:2      | Reached XP level 4. HP: 33/33 MP: 4/4
  1290 | D:2      | Killed an ogre
  1290 | D:2      | Reached XP level 5. HP: 38/38 MP: 5/5
  1343 | D:2      | Found a white marble altar of Elyvilon.
  1346 | D:2      | Found a hide-covered altar of Uskayaw.
  1349 | D:2      | Found a blossoming altar of Fedhas.
  2015 | D:3      | Found a bloodstained altar of Trog.
  2047 | D:3      | Reached skill level 5 in Crossbows
  2190 | D:3      | Reached XP level 6. HP: 41/44 MP: 6/6
  2230 | D:3      | Noticed a sky beast
  2261 | D:3      | Killed a sky beast
  2767 | D:4      | Found a glowing drain.
  2805 | Sewer    | Entered a sewer
  3271 | Sewer    | Reached XP level 7. HP: 40/50 MP: 7/7
  3949 | D:5      | Entered Level 5 of the Dungeon
  4375 | D:5      | Reached XP level 8. HP: 56/56 MP: 8/8
  4408 | D:5      | Reached skill level 1 in Maces & Flails
  4521 | D:5      | Found a basalt altar of Yredelemnul.
  4576 | D:5      | Found a hazy altar of Hepliaklqana.
  5409 | D:6      | Reached skill level 2 in Maces & Flails
  5813 | D:6      | Noticed Blork the orc
  5832 | D:6      | Killed Blork the orc
  5844 | D:6      | Reached skill level 3 in Maces & Flails
  5844 | D:6      | Reached skill level 5 in Armour
  6205 | D:6      | Found a staircase to the Ecumenical Temple.
  6248 | Temple   | Entered the Ecumenical Temple
  6285 | Temple   | Became a worshipper of Warmaster Okawaru
  6866 | D:7      | Reached XP level 9. HP: 38/61 MP: 9/9
  6871 | D:7      | Reached skill level 4 in Maces & Flails
  7035 | D:7      | Reached * piety under Okawaru
  7448 | D:7      | Reached skill level 5 in Maces & Flails
  8350 | D:7      | Found a sparkling altar of Nemelex Xobeh.
  8541 | D:7      | Reached skill level 6 in Maces & Flails
  9172 | D:8      | Reached skill level 7 in Maces & Flails
  9175 | D:8      | Found a staircase to the Lair.
  9366 | D:7      | Reached XP level 10. HP: 51/67 MP: 10/10
  9458 | D:7      | Reached ** piety under Okawaru
 10200 | D:8      | Found an opulent altar of Gozag.
 10260 | D:8      | Reached skill level 8 in Maces & Flails
 10654 | D:8      | Noticed Maurice
 10739 | D:8      | Killed Maurice
 11275 | D:8      | Noticed a centaur warrior
 11293 | D:8      | Shot with an arrow by a centaur warrior

Skill      XL: |  1  2  3  4  5  6  7  8  9 10 |
---------------+-------------------------------+-----
Crossbows      | 4 5 6 7 |  7.0
Dodging        | 1 2 3 4 |  4.3
Armour         | 2 3 5 6 |  6.4
Maces & Flails | 3 7 8 |  8.7
Fighting       | |  2.0
Bows           | |  1.0
Stealth        | |  1.0
Evocations     | |  1.0

Action                   |  1- 3 |  4- 6 |  7- 9 | 10-12 || total
-------------------------+-------+-------+-------+-------++-------
Melee: Hand crossbow     |       |     1 |       |       ||     1
       Mace              |       |       |   159 |       ||   159
       Flail             |       |       |   110 |   131 ||   241
 Fire: Hand crossbow     |    86 |   193 |   222 |    29 ||   530
Evoke: Wand              |       |       |       |     5 ||     5
  Use: Scroll            |       |     1 |     7 |     2 ||    10
 Stab: Paralysed         |       |       |       |     2 ||     2
Armor: Ring mail         |    12 |    35 |   117 |    62 ||   226
Dodge: Dodged            |    15 |    51 |   261 |   108 ||   435
